 Dungeon Crawl Stone Soup version 0.28-a0-983-g1de4e0787c (webtiles) character file.

Game seed: 46649955189757016

181 Lavandula the Bolt Thrower (level 5, 0/44 HPs)
             Began as a Naga Arcane Marksman on Dec 3, 2021.
             Slain by a scorpion (4 damage)
             ... on level 5 of the Dungeon.
             The game lasted 00:03:33 (1896 turns).

Lavandula the Bolt Thrower (Naga Arcane Marksman)   Turns: 1896, Time: 00:03:34

Health: 0/44       AC:  3    Str: 15    XL:     5   Next: 61%
Magic:  6/6        EV:  9    Int: 13    God:
Gold:   134        SH:  0    Dex: 11    Spells: 5/6 levels left

rFire   . . .      SeeInvis +   a - +0 hand crossbow
rCold   . . .      Faith    .   (no shield)
rNeg    . . .      Spirit   .   o - +1 robe
rPois   +          Reflect  .   (no helmet)
rElec   .          Harm     .   (no cloak)
rCorr   .          Rampage  .   (no gloves)
Will    .....                   (no barding)
Stlth   +.........              (no amulet)
HPRegen 0.14/turn               (no ring)
MPRegen 0.10/turn               (no ring)

@: about to teleport, short of breath, very slow
A: AC +1, large, see invisible, deformed body, poison resistance, slowness 2,
spit poison 1, naga tail 1
a: Spit Poison


You were on level 5 of the Dungeon.
You visited 1 branch of the dungeon, and saw 5 of its levels.

You collected 134 gold pieces.

Inventory:

Hand Weapons
 a - a +0 hand crossbow (weapon)
 n - a +8 club
Missiles
 c - 28 bolts (quivered ammo)
Armour
 o - a +1 robe (worn)
Jewellery
 h - a +6 ring of dexterity
Wands
 i - a wand of iceblast (11)
 k - a wand of flame (23)
Scrolls
 b - a scroll of noise {unknown}
 d - a scroll of amnesia {unknown}
 f - a scroll of magic mapping {unknown}
 j - a scroll of enchant weapon {unknown}


   Skills:
 - Level 1.0 Fighting
 + Level 5.1 Crossbows
 - Level 1.5 Dodging
 - Level 1.0 Spellcasting
 - Level 3.0 Hexes


You had 5 spell levels left.
You knew the following spells:

 Your Spells              Type           Power      Damage    Failure   Level
a - Slow                  Hex            32%        N/A       9%          1

Your spell library contained the following spells:

 Spells                   Type           Power      Damage    Failure   Level
 Inner Flame              Hex/Fire       4%         N/A       41%         3
 Portal Projectile        Hex/Tloc       8%         N/A       41%         3
 Cause Fear               Hex            4%         N/A       63%         4


Dungeon Overview and Level Annotations

Branches:
Dungeon (6/15)
 Temple: D:4-7

Altars:

Shops:
D:2 [

Annotations:
D:6 PirateVox's ghost, novice TrWr


Innate Abilities, Weirdness & Mutations

Your serpentine skin is tough. (AC +1)
You have supernaturally acute eyesight. (SInv)
Armour fits poorly on your strangely shaped body.
Your system is resistant to poisons. (rPois)
You cover ground very slowly.
You can spit poison.
You have a snake-like lower body.


Message History

The ufetubus shouts!
Found a twisted fluorescent wand.
There is a stone staircase leading down here.
An ufetubus is nearby!
Press: ? - help, Shift-Dir - straight line, f - ufetubus
Aim: an ufetubus The splash of poison hits the ufetubus!
The ufetubus is poisoned.
You kill the ufetubus!
You start resting.
A scorpion comes into view.
You can't do that yet.
Unknown command.
You have got your breath back.
You climb downwards.
Level annotation: PirateVox's ghost, novice TrWr
There is a stone staircase leading up here.
You start resting.
You feel a little less mighty now.
You start resting.
A wyvern zombie is nearby!
You climb upwards.
The scorpion stings you.
* * * LOW HITPOINT WARNING * * *
There is a stone staircase leading down here.
Press: ? - help, Shift-Dir - straight line, f - scorpion
Aim: a scorpion The splash of poison hits the scorpion.
The scorpion is lightly wounded.
The scorpion stings you!
* * * LOW HITPOINT WARNING * * *
Unknown command.
Okay, then.
Okay, then.
You aren't carrying any potions.
Unknown command.
Okay, then.
As you read the scroll of teleportation, it crumbles to dust.
You feel strangely unstable.
The scorpion stings you but does no damage.
The scorpion stings you.
You die...

#########
+.....s@#
#.........#
........###
........#
.........
#####....
./...
.##....


You could see a scorpion.

Vanquished Creatures
  Jessica (D:3)
  Natasha (thrice) (D:2)
  3 adders
  An ufetubus (D:5)
  A worm (D:2)
  5 orcs
  7 bats
  3 endoplasms
  A giant cockroach (D:2)
  A goblin (D:2)
  5 hobgoblins
  2 jackals (D:2)
  3 kobolds
  2 quokkas
  A ball python (D:2)
  2 rats (D:2)
41 creatures vanquished.

Notes
Turn   | Place    | Note
-------+----------+-------------------------------------------
     0 | D:1      | Lavandula the Naga Arcane Marksman began the quest for the
                  | Orb.
     0 | D:1      | Reached XP level 1. HP: 18/18 MP: 2/2
   218 | D:1      | Reached skill level 2 in Crossbows
   361 | D:1      | Reached XP level 2. HP: 25/25 MP: 3/3
   581 | D:2      | Found Elea's Antique Armour Emporium.
   625 | D:2      | Reached skill level 3 in Crossbows
   625 | D:2      | Reached XP level 3. HP: 31/31 MP: 4/4
   979 | D:2      | Noticed Natasha
   983 | D:2      | Killed Natasha
   984 | D:2      | Reached XP level 4. HP: 24/38 MP: 5/5
  1126 | D:2      | Reached skill level 4 in Crossbows
  1318 | D:2      | Noticed Natasha
  1324 | D:2      | Killed Natasha
  1421 | D:2      | Noticed Natasha
  1425 | D:2      | Killed Natasha
  1426 | D:2      | Reached XP level 5. HP: 33/44 MP: 6/6
  1717 | D:3      | Found a faded altar of an unknown god.
  1759 | D:3      | Noticed Jessica
  1761 | D:3      | Killed Jessica
  1762 | D:3      | Reached skill level 5 in Crossbows
  1783 | D:3      | You fall into a shaft and drop 3 floors!
  1799 | D:6      | Noticed PirateVox's ghost (novice TrWr)
  1840 | D:6      | Noticed a kobold brigand
  1855 | D:5      | Entered Level 5 of the Dungeon
  1896 | D:5      | Slain by a scorpion

Illustrated notes

Levels and vault maps discovered:
D:1:      eino_arrival_water_cross, layout_basic
D:2:      layout_basic, serial_shops, shop, uniq_natasha
D:3:      layout_basic, dreamdust_ecumenical_altar_statues,
          minmay_misc_feat_columns, uniq_jessica
D:5:      layout_basic, serial_shops, shop, uniq_crazy_yiuf_cottage
D:6:      layout_cave_pools, hellmonk_ghost_happy_afterlife

Skill      XL: |  1  2  3  4  5 |
---------------+----------------+-----
Crossbows      | 2 3 4 5 |  5.1
Fighting       | |  1.0
Dodging        | |  1.5
Spellcasting   | |  1.0
Hexes          | |  3.0

Action                   |  1- 3 |  4- 6 || total
-------------------------+-------+-------++-------
 Fire: Hand crossbow     |    55 |    41 ||    96
 Abil: Spit Poison       |     9 |     6 ||    15
  Use: Potion            |     1 |     3 ||     4
       Scroll            |       |     3 ||     3
Armor: Robe              |     8 |     5 ||    13
Dodge: Dodged            |    13 |     9 ||    22

Table legend: (Time is in decaauts)
 A = Elapsed time spent in this place.
 B = Non-inter-level travel time spent in this place.
 C = Inter-level travel time spent in this place.
 D = Time resting spent in this place.
 E = Time spent auto-exploring this place.
 F = Levels seen in this place.
 G = Mean time per level.
                   A        B        C        D        E       F      G
               +--------+--------+--------+--------+--------+-----+--------+
         Total |   2426 |   2370 |     56 |    243 |   1779 |   5 |  485.2 |
       Dungeon |   2426 |   2370 |     56 |    243 |   1779 |   5 |  485.2 |
               +--------+--------+--------+--------+--------+-----+--------+

Top non-repeatable levels by time:
     D:2: 1228 daAuts
     D:1: 763 daAuts
     D:3: 298 daAuts
     D:6: 128 daAuts
     D:5: 7 daAuts
